 Dungeon Crawl Stone Soup version 0.23-a0-8-gb809bb70e4 (webtiles) character file.

1999 Htamos the Shield-Bearer (level 9, -5/62 (63) HPs)
             Began as an Octopode Fighter on Aug 1, 2018.
             Slain by a worker ant (6 damage)
             ... on level 6 of the Dungeon.
             The game lasted 00:12:39 (6436 turns).

Htamos the Shield-Bearer (Octopode Fighter)         Turns: 6436, Time: 00:12:43

HP:   -5/62 (63)    AC:  1    Str: 18    XL:     9   Next: 21%
MP:   9/9           EV: 12    Int: 10    God:
Gold: 245           SH: 15    Dex: 12    Spells: 8/8 levels left

rFire    . . .     SeeInvis .   a - +0 flail
rCold    . . .     Gourm    .   l - +0 large shield
rNeg     . . .     Faith    .   (helmet restricted)
rPois    .         Spirit   .   (no amulet)
rElec    .         Reflect  .   (no ring)
rCorr    .         Harm     .   (no ring)
MR       .....                  (no ring)
Stlth    ++++......             (no ring)
HPRegen  0.20/turn              (no ring)
MPRegen  0.11/turn              (no ring)
                                (no ring)
                                (no ring)

@: lethally poisoned (-5 -> -7)
A: almost no armour, stealthy swim, amphibious, 8 rings, constrict 8, camouflage
1, gelatinous body 1
a: no special abilities


You were on level 6 of the Dungeon.
You were near starving.

You visited 1 branch of the dungeon, and saw 6 of its levels.

You collected 245 gold pieces.

Inventory:

Hand Weapons
 a - a +0 flail (weapon)
 A - the cursed +3 quarterstaff of Cofuduk {freeze, Str+2 Stlth+, unknown}
   (You found it on level 6 of the Dungeon)

   It has been specially enchanted to freeze those struck by it, causing extra
   injury to most foes and up to half again as much damage against particularly
   susceptible opponents.
   It can also slow down cold-blooded creatures.
   It affects your strength (+2).
   It makes you more stealthy.
   It has a curse placed upon it.
Armour
 b - a +0 shield
 l - a +0 large shield (worn)
Wands
 x - a wand of paralysis (2)
Scrolls
 e - 3 scrolls of identify {unknown}
 g - 4 scrolls of teleportation {unknown}
 i - 3 scrolls of immolation {unknown}
 j - 2 scrolls of fear {unknown}
 m - a scroll of amnesia {unknown}
 o - 4 scrolls of enchant weapon {unknown}
 q - a scroll of magic mapping {unknown}
 u - a scroll of fog {unknown}
 v - a scroll of noise {unknown}
 w - a scroll of enchant armour {unknown}
 y - a scroll of remove curse {unknown}
Potions
 f - a potion of flight
 p - a potion of lignification {unknown}
 s - a potion of brilliance {unknown}
Comestibles
 d - 6 rations


   Skills:
 * Level 6.9 Fighting
 + Level 4.8 Maces & Flails
 + Level 5.3 Dodging
 + Level 6.0 Stealth
 * Level 7.0 Shields


You had 8 spell levels left.
You didn't know any spells.
Your spell library contained the following spells:

 Spells                   Type           Power        Failure   Level  Hunger
 Magic Dart               Conj           #...         98%         1    ##.....
 Pain                     Necr           #...         98%         1    ##.....
 Sting                    Conj/Pois      #...         98%         1    ##.....
 Corona                   Hex            #......      98%         1    ##.....
 Infusion                 Chrm           #...         98%         1    ##.....


Dungeon Overview and Level Annotations

Branches:
Dungeon (6/15)
 Temple: D:4-7

Altars:
Makhleb


Innate Abilities, Weirdness & Mutations

You cannot wear most types of armour.
You are very stealthy in the water. (Stealth+)
You are amphibious.
You can wear up to eight rings at the same time.
You can use your tentacles to constrict eight enemies at once.
Your skin changes colour to match your surroundings (Stealth+).
Your rubbery body absorbs attacks. (AC +1, EV +1)


Message History

You feel sick. You block the worker ant's attack.
Unknown command.
It was a potion of flight.
You feel very buoyant.
You fly up into the air.
You block the worker ant's attack.
Unknown command.
It was a potion of invisibility.
You fade into invisibility!
* * * LOW HITPOINT WARNING * * *
You feel sick. The worker ant closely misses you.
You are very lightly contaminated with residual magic.
Unknown command.
It was a potion of cancellation.
Your magical effects are unravelling.
You feel magically purged.
Your magical contamination has completely faded away.
You float gracefully downwards.
You flicker back into view.
You feel a little less agile now. You block the worker ant's attack.
The worker ant bites you.
You die...

.. #...# ..# #.###
.##... #.# ......### #.#
........# #.#
......#.##### #.#####
.......)....######.#....
#......a..#.............
.......@#.#######.##.##.
......))#.# #. #....
.#.....##.# #. #.##.
########.## #.##.##.
#...# #....... #...#
###.#### #...####
#......# .
#...##.###.<..#..
..#####...#...##.#.#..#


You could see a worker ant.

Vanquished Creatures
  A two-headed ogre (D:6)
  Duvessa (D:4)
  An orc warrior (D:6)
  A phantom (D:4)
  A necrophage (D:6)
  2 bullfrogs (D:6)
  Blork the orc (D:4)
  Dowan (D:4)
  2 scorpions (D:5)
  A howler monkey (D:5)
  2 jellies (D:5)
  A crimson imp (D:6)
  An orc priest (D:6)
  An orc wizard (D:3)
  Ijyb (D:4)
  4 worker ants
  A killer bee zombie (D:6)
  A hound zombie (D:6)
  Robin (D:2)
  3 gnolls (D:3)
  9 adders
  A shadow imp (D:6)
  2 oozes (D:3)
  4 adder skeletons
  A worm (D:4)
  2 dart slugs (D:1)
  A leopard gecko (D:2)
  9 orcs
  2 ball pythons (D:1)
  7 giant cockroaches
  18 goblins
  18 hobgoblins
  2 kobolds (D:1)
  5 quokkas
  11 bats
  4 frilled lizards
  A leopard gecko skeleton (D:4)
  A quokka skeleton (D:4)
  9 rats
135 creatures vanquished.

Notes
Turn   | Place    | Note
-------+----------+-------------------------------------------
     0 | D:1      | Htamos the Octopode Fighter began the quest for the Orb.
     0 | D:1      | Reached XP level 1. HP: 16/16 MP: 1/1
    72 | D:1      | Reached XP level 2. HP: 20/21 MP: 2/2
   434 | D:1      | Reached skill level 1 in Stealth
   522 | D:1      | Reached XP level 3. HP: 26/26 MP: 3/3
  1302 | D:1      | Reached XP level 4. HP: 29/31 MP: 4/4
  1598 | D:2      | Noticed Robin
  1956 | D:2      | Found a burning altar of Makhleb.
  1958 | D:2      | Noticed a blizzard demon
  2135 | D:2      | Killed Robin
  2135 | D:2      | Reached skill level 4 in Shields
  2495 | D:3      | Reached XP level 5. HP: 35/37 MP: 5/5
  3175 | D:4      | Noticed Ijyb
  3175 | D:4      | Noticed a phantom
  3189 | D:4      | Killed Ijyb
  3189 | D:4      | Reached XP level 6. HP: 41/43 MP: 6/6
  3627 | D:4      | Noticed Dowan
  3718 | D:4      | Noticed Blork the orc
  3723 | D:4      | Killed Blork the orc
  4016 | D:4      | Noticed Duvessa
  4031 | D:4      | Killed Duvessa
  4031 | D:4      | Reached XP level 7. HP: 34/49 MP: 7/7
  4136 | D:4      | Killed Dowan
  4136 | D:4      | Reached skill level 5 in Shields
  4155 | D:4      | Reached skill level 5 in Fighting
  4627 | D:5      | Entered Level 5 of the Dungeon
  5312 | D:5      | Reached XP level 8. HP: 56/56 MP: 8/8
  5880 | D:6      | Got a faintly glowing quarterstaff
  5912 | D:6      | Noticed a two-headed ogre
  5947 | D:6      | HP: 1/57 [two-headed ogre/giant spiked club (18)]
  5948 | D:6      | Killed a two-headed ogre
  5948 | D:6      | Reached skill level 5 in Dodging
  5948 | D:6      | Reached skill level 5 in Stealth
  5948 | D:6      | Reached skill level 6 in Shields
  5948 | D:6      | Reached XP level 9. HP: 2/63 MP: 9/9
  6409 | D:6      | Identified A Beginning Course on Spellcraft
  6429 | D:6      | Reached skill level 7 in Shields
  6431 | D:6      | HP: 3/62 [orc priest/divine providence (11)]
  6433 | D:6      | HP: 1/62 [poisoned by a worker ant]
  6436 | D:6      | Slain by a worker ant

Vault maps used:
D:1:      onia_arrival_handbag
D:2:      makhleb_altar_promises_db, guppyfry_early_orc_mine, uniq_robin
D:3:      first_ration, tgw_kikubaaqudgha
D:4:      uniq_ijyb, uniq_blork_the_orc, uniq_duvessa
D:5:      cheibrodos_iron_armory, serial_glass, glass_columns_a,
          glass_columns_a, glass_columns_a, glass_columns_a
D:6:      minmay_temple_entry_statues_fountains, small_statue_intersection,
          uniq_edmund

Skill      XL: |  1  2  3  4  5  6  7  8  9 |
---------------+----------------------------+-----
Stealth        | 1 2 3 4 5 6 |  6.0
Shields        | 4 5 6 7 |  7.0
Fighting       | 4 5 6 |  6.9
Maces & Flails | 3 4 |  4.8
Dodging        | 4 5 |  5.3

Action                   |  1- 3 |  4- 6 |  7- 9 || total
-------------------------+-------+-------+-------++-------
Melee: Flail             |    66 |   126 |    97 ||   289
       Tentacles         |    17 |    24 |    31 ||    72
       Constrict         |    17 |    35 |    23 ||    75
Evoke: Wand              |       |     1 |    12 ||    13
  Use: Potion            |       |       |     9 ||     9
 Stab: Sleeping          |     9 |     7 |     8 ||    24
       Distracted        |       |     2 |     1 ||     3
  Eat: Chunk             |     1 |     9 |     6 ||    16
Armor: Skin              |     4 |     8 |     3 ||    15
Dodge: Dodged            |    28 |    49 |    31 ||   108
Block: Shield            |    38 |    52 |    18 ||   108
       Large shield      |       |       |    56 ||    56

Table legend:
 A = Spawn XP
 B = Non-spawn XP
 C = Spawn XP percentage of total XP
 D = Spawn monster count
 E = Non-spawn monster count
 F = Spawn count percentage of total count
 G = Total turns spent on level
                    A         B        C        D         E        F      G
               +---------+---------+-------+---------+---------+-------+---------
         Total |       0 |    2856 |   0.0 |       0 |     135 |   0.0 |  6436
               +---------+---------+-------+---------+---------+-------+---------
           D:1 |       0 |      52 |   0.0 |       0 |      31 |   0.0 |  1192
           D:2 |       0 |     108 |   0.0 |       0 |      38 |   0.0 |  1449
           D:3 |       0 |     130 |   0.0 |       0 |      21 |   0.0 |   526
           D:4 |       0 |     631 |   0.0 |       0 |      18 |   0.0 |  1460
           D:5 |       0 |     393 |   0.0 |       0 |      14 |   0.0 |  1171
           D:6 |       0 |    1542 |   0.0 |       0 |      13 |   0.0 |   638
               +---------+---------+-------+---------+---------+-------+---------
